TOP OF THE 1ST |
Jackson Generals batting - Pitching for Midland RockHounds : LHP Manny Trump
|
Pitching: LHP Manny Trump
|
|
Batting: RHB Malik Brookshire
|
0-0: Ball 1-0: Foul Ball, location: 2F 1-1: TRIPLE (Line Drive, 89XD, EV 106.2 MPH)
|
Batting: RHB Robby Cuellar
|
0-0: Called Strike 0-1: Ball 1-1: Ball 2-1: Ball 3-1: Called Strike 3-2: SINGLE (Line Drive, 6MD, EV 98.1 MPH) Malik Brookshire scores
|
Batting: LHB Jerrod Cluck
|
0-0: Ball 1-0: SINGLE (Groundball, 34D, EV 93.8 MPH) Robby Cuellar to second Runner from 2nd tries for 3rd, SAFE, throw by RF made to third
|
Batting: RHB Brad Robidas
|
0-0: Ball 1-0: Ball 2-0: Ball 3-0: Called Strike 3-1: Swinging Strike 3-2: Fielders Choice at 2nd, 4-6 (Groundball, 4, EV 78.8 MPH) Robby Cuellar scores
|
Batting: RHB Tony Vargas
|
0-0: Ball Brad Robidas is caught stealing 2nd base 2-4 1-0: Ball 2-0: Ball 3-0: Base on Balls
|
Batting: RHB Rick Ellis
|
0-0: Ball Tony Vargas steals 2nd base 1-0: Called Strike 1-1: Called Strike 1-2: Strikes out swinging
|
Top of the 1st over - 2 runs, 3 hits, 0 errors, 1 left on base; Jackson 2 - Midland 0 |
BOTTOM OF THE 1ST |
Midland RockHounds batting - Pitching for Jackson Generals : RHP Dwain Ashford
|
Pitching: RHP Dwain Ashford
|
|
Batting: SHB Brace Harper
|
0-0: Foul Ball, location: 2F 0-1: Ball 1-1: Swinging Strike 1-2: Ball 2-2: Foul Ball, location: 2F 2-2: Ball 3-2: SINGLE (Groundball, 25, EV 62.5 MPH) (infield hit)
|
Batting: RHB Miguel Trevino
|
0-0: Ball 1-0: Foul Ball, location: 2F 1-1: Swinging Strike 1-2: Ball Brace Harper steals 2nd base (no throw) 2-2: Fly out, F8 (Flyball, 89M, EV 88.8 MPH) Runner from 2nd tags up, SAFE at 3rd with throw by CF
|
Batting: LHB Tommy King
|
0-0: Called Strike 0-1: Swinging Strike 0-2: Ball 1-2: Ball 2-2: Ground out 5-3 (Groundball, 56, EV 105.0 MPH) Brace Harper scores
|
Batting: RHB Dusty Thompson
|
0-0: Ball 1-0: Called Strike 1-1: Ball 2-1: Ball 3-1: Called Strike 3-2: Strikes out swinging
|
Bottom of the 1st over - 1 run, 1 hit, 0 errors, 0 left on base; Jackson 2 - Midland 1 |
TOP OF THE 2ND |
Jackson Generals batting - Pitching for Midland RockHounds : LHP Manny Trump
|
Batting: LHB Tom Reynolds
|
0-0: Ball 1-0: Ball 2-0: Called Strike 2-1: Swinging Strike 2-2: Strikes out swinging
|
Batting: LHB Caleb Domino
|
0-0: Ball 1-0: Ball 2-0: Foul Ball, location: 2F 2-1: Ball 3-1: Fly out, F7 (Flyball, 7D, EV 94.4 MPH)
|
Batting: LHB Ignacio Bernal
|
0-0: Ball 1-0: Called Strike 1-1: Swinging Strike 1-2: Strikes out swinging
|
Top of the 2nd over - 0 runs, 0 hits, 0 errors, 0 left on base; Jackson 2 - Midland 1 |
BOTTOM OF THE 2ND |
Midland RockHounds batting - Pitching for Jackson Generals : RHP Dwain Ashford
|
Batting: SHB Todd Hewitt
|
0-0: Ball 1-0: DOUBLE (Groundball, 3L, EV 94.4 MPH)
|
Batting: LHB Zachary DeLuca
|
0-0: Ball 1-0: Ball 2-0: Called Strike 2-1: Called Strike 2-2: Foul Ball, location: 2F 2-2: Ball 3-2: Foul Ball, location: 2F 3-2: Strikes out swinging
|
Batting: RHB Dave Glenn
|
0-0: Called Strike 0-1: Ball 1-1: Ball 2-1: Foul Ball, location: 2F 2-2: Foul Ball, location: 2F 2-2: Strikes out looking
|
Batting: RHB Carlos Ballesteros
|
0-0: Called Strike 0-1: Foul Ball, location: 2F 0-2: Ground out U3 (Groundball, 34, EV 101.9 MPH)
|
Bottom of the 2nd over - 0 runs, 1 hit, 0 errors, 1 left on base; Jackson 2 - Midland 1 |
TOP OF THE 3RD |
Jackson Generals batting - Pitching for Midland RockHounds : LHP Manny Trump
|
Batting: RHB Malik Brookshire
|
0-0: Ball 1-0: Ball 2-0: Swinging Strike 2-1: Fly out, F8 (Line Drive, 8RD, EV 93.1 MPH)
|
Batting: RHB Robby Cuellar
|
0-0: Ball 1-0: Ball 2-0: Called Strike 2-1: Ball 3-1: Called Strike 3-2: Base on Balls
|
Batting: LHB Jerrod Cluck
|
0-0: Grounds into double play, 4-3-6 (Groundball, 34D, EV 81.9 MPH)
|
Top of the 3rd over - 0 runs, 0 hits, 0 errors, 0 left on base; Jackson 2 - Midland 1 |
BOTTOM OF THE 3RD |
Midland RockHounds batting - Pitching for Jackson Generals : RHP Dwain Ashford
|
Batting: RHB Dunlang Clark
|
0-0: Called Strike 0-1: DOUBLE (Groundball, 5L, EV 105.0 MPH)
|
Batting: SHB Brace Harper
|
0-0: Called Strike 0-1: SINGLE (Groundball, 6D, EV 105.6 MPH) Dunlang Clark to third
|
Batting: RHB Miguel Trevino
|
0-0: Called Strike 0-1: Ball 1-1: Called Strike 1-2: Foul Ball, location: 2F 1-2: Ball 2-2: Ball 3-2: SINGLE (Groundball, 56S, EV 71.2 MPH) (infield hit) Dunlang Clark scores Brace Harper to second
|
Pitching: RHP Tyler Rayner
|
|
Batting: LHB Tommy King
|
0-0: Ball 1-0: Swinging Strike 1-1: Called Strike 1-2: Strikes out looking
|
Batting: RHB Dusty Thompson
|
0-0: Called Strike 0-1: Called Strike 0-2: Ball 1-2: Ball 2-2: Ball 3-2: 3-RUN HOME RUN (Flyball, 89XD, EV 103.8 MPH), Distance : 401 ft
|
Batting: SHB Todd Hewitt
|
0-0: Swinging Strike 0-1: Ground out 4-3 (Groundball, 4, EV 108.8 MPH)
|
Batting: LHB Zachary DeLuca
|
0-0: Swinging Strike 0-1: Ball 1-1: Called Strike 1-2: Ball 2-2: Fly out, F8 (Flyball, 78D, EV 102.5 MPH)
|
Bottom of the 3rd over - 4 runs, 4 hits, 0 errors, 0 left on base; Jackson 2 - Midland 5 |
TOP OF THE 4TH |
Jackson Generals batting - Pitching for Midland RockHounds : LHP Manny Trump
|
Batting: RHB Brad Robidas
|
0-0: SINGLE (Line Drive, 3D, EV 98.8 MPH)
|
Batting: RHB Tony Vargas
|
0-0: Ball 1-0: SINGLE (Groundball, 25, EV 65.0 MPH) (infield hit) Brad Robidas to second
|
Batting: RHB Rick Ellis
|
0-0: Ball 1-0: Swinging Strike 1-1: Called Strike 1-2: Ball 2-2: Foul Ball, location: 2F 2-2: Foul Ball, location: 2F 2-2: Ball Wild Pitch! Brad Robidas to third Tony Vargas to second 3-2: Base on Balls
|
Batting: LHB Tom Reynolds
|
0-0: Ball 1-0: Foul Ball, location: 2F 1-1: Foul Ball, location: 2F 1-2: Ball 2-2: Strikes out swinging
|
Batting: LHB Caleb Domino
|
0-0: Ball 1-0: Ball 2-0: Ball 3-0: Called Strike 3-1: Base on Balls Brad Robidas scores Tony Vargas to third Rick Ellis to second
|
Batting: LHB Ignacio Bernal
|
0-0: Called Strike 0-1: Foul Ball, location: 2F 0-2: Ball 1-2: Ball 2-2: Ball 3-2: Base on Balls Tony Vargas scores Rick Ellis to third Caleb Domino to second
|
Batting: RHB Malik Brookshire
|
0-0: Called Strike 0-1: Called Strike 0-2: Foul Ball, location: 2F 0-2: Fielders Choice at 2nd, 6-4 (Groundball, 56, EV 105.6 MPH) Rick Ellis scores Caleb Domino to third
|
Pitching: RHP Jason Swisher
|
|
Batting: RHB Robby Cuellar
|
0-0: Ball 1-0: Swinging Strike 1-1: Called Strike 1-2: Ball 2-2: Foul Ball, location: 2F 2-2: Fly out, F7 (Flyball, 7, EV 94.4 MPH)
|
Top of the 4th over - 3 runs, 2 hits, 0 errors, 2 left on base; Jackson 5 - Midland 5 |
BOTTOM OF THE 4TH |
Midland RockHounds batting - Pitching for Jackson Generals : RHP Tyler Rayner
|
Batting: RHB Dave Glenn
|
0-0: Called Strike 0-1: Foul Ball, location: 2F 0-2: Ground out 6-3 (Groundball, 6, EV 96.9 MPH)
|
Batting: RHB Carlos Ballesteros
|
0-0: Foul Ball, location: 2F 0-1: Ball 1-1: Called Strike 1-2: Ball 2-2: Foul Ball, location: 2F 2-2: Ball 3-2: Strikes out looking
|
Batting: RHB Dunlang Clark
|
0-0: Called Strike 0-1: Ground out 3-1 (Groundball, 34, EV 78.1 MPH)
|
Bottom of the 4th over - 0 runs, 0 hits, 0 errors, 0 left on base; Jackson 5 - Midland 5 |
TOP OF THE 5TH |
Jackson Generals batting - Pitching for Midland RockHounds : RHP Jason Swisher
|
Batting: LHB Jerrod Cluck
|
0-0: Called Strike 0-1: Called Strike 0-2: Ball 1-2: Foul Ball, location: 2F 1-2: Ball 2-2: Foul Ball, location: 2F 2-2: Foul Ball, location: 2F 2-2: Ground out 5-3 (Groundball, 56, EV 104.4 MPH)
|
Batting: RHB Brad Robidas
|
0-0: Foul Ball, location: 2F 0-1: Ball 1-1: Ball 2-1: Foul Ball, location: 2F 2-2: Ball 3-2: Foul Ball, location: 2F 3-2: Fly out, F4 (Popup, 4MD, EV 59.4 MPH)
|
Batting: RHB Tony Vargas
|
0-0: Ground out 5-3 (Groundball, 56S, EV 86.2 MPH)
|
Top of the 5th over - 0 runs, 0 hits, 0 errors, 0 left on base; Jackson 5 - Midland 5 |
BOTTOM OF THE 5TH |
Midland RockHounds batting - Pitching for Jackson Generals : RHP Tyler Rayner
|
Batting: SHB Brace Harper
|
0-0: Called Strike 0-1: Ball 1-1: Called Strike 1-2: Ball 2-2: Ball 3-2: SINGLE (Groundball, 34D, EV 108.1 MPH)
|
Pitching: RHP Aidan Martin
|
|
Batting: RHB Miguel Trevino
|
0-0: Ball Brace Harper steals 2nd base (no throw) 1-0: Swinging Strike 1-1: Foul Ball, location: 2F 1-2: Strikes out swinging
|
Batting: LHB Tommy King
|
0-0: Ball Brace Harper steals 3rd base 1-0: SINGLE (Groundball, 4MD, EV 109.4 MPH) Brace Harper scores
|
Batting: RHB Dusty Thompson
|
0-0: Ball 1-0: Swinging Strike 1-1: Foul Ball, location: 2F 1-2: SINGLE (Line Drive, 4MD, EV 104.4 MPH) Tommy King to second
|
Batting: SHB Todd Hewitt
|
0-0: Called Strike 0-1: Ball 1-1: Ball 2-1: Ball 3-1: Foul Ball, location: 2F 3-2: Strikes out swinging
|
Batting: LHB Zachary DeLuca
|
0-0: Foul Ball, location: 2F 0-1: Ball 1-1: Ball 2-1: Foul Ball, location: 2F 2-2: Ball 3-2: SINGLE (Flyball, 78S, EV 98.1 MPH) Tommy King to third Dusty Thompson to second Tommy King scores Dusty Thompson to third
|
Batting: RHB Dave Glenn
|
0-0: Ball 1-0: Foul Ball, location: 2F 1-1: Foul Ball, location: 2F 1-2: Ball 2-2: Strikes out looking
|
Bottom of the 5th over - 2 runs, 4 hits, 0 errors, 2 left on base; Jackson 5 - Midland 7 |
TOP OF THE 6TH |
Jackson Generals batting - Pitching for Midland RockHounds : RHP Jason Swisher
|
Batting: RHB Rick Ellis
|
0-0: Ball 1-0: Foul Ball, location: 2F 1-1: Ball 2-1: Foul Ball, location: 2F 2-2: Ground out U3 (Groundball, 3S, EV 91.9 MPH)
|
Batting: LHB Tom Reynolds
|
0-0: Swinging Strike 0-1: Ball 1-1: Foul Ball, location: 2F 1-2: SOLO HOME RUN (Flyball, 89XD, EV 98.8 MPH), Distance : 404 ft
|
Batting: LHB Caleb Domino
|
0-0: Ball 1-0: Called Strike 1-1: Foul Ball, location: 2F 1-2: Ball 2-2: Foul Ball, location: 2F 2-2: Foul Ball, location: 2F 2-2: Ball 3-2: Base on Balls
|
Batting: LHB Ignacio Bernal
|
0-0: Called Strike 0-1: Ball 1-1: Fielders Choice at 2nd, 4-6 (Groundball, 4, EV 81.9 MPH)
|
Pitching: LHP Bobby Dahlgren
|
|
Batting: RHB Malik Brookshire
|
0-0: Called Strike 0-1: Ball 1-1: Ball 2-1: Called Strike 2-2: Ball 3-2: Foul Ball, location: 2F 3-2: SINGLE (Groundball, 4M, EV 82.5 MPH) (infield hit) Ignacio Bernal to second
|
Batting: RHB Robby Cuellar
|
0-0: Ball 1-0: Foul Ball, location: 2F 1-1: Called Strike 1-2: Strikes out swinging
|
Top of the 6th over - 1 run, 2 hits, 0 errors, 2 left on base; Jackson 6 - Midland 7 |
BOTTOM OF THE 6TH |
Midland RockHounds batting - Pitching for Jackson Generals : RHP Aidan Martin
|
Batting: RHB Carlos Ballesteros
|
0-0: Foul Ball, location: 2F 0-1: Swinging Strike 0-2: Ground out 5-3 (Groundball, 56S, EV 81.2 MPH)
|
Batting: RHB Dunlang Clark
|
0-0: Fly out, F8 (Flyball, 8RD, EV 104.4 MPH)
|
Batting: SHB Brace Harper
|
0-0: Called Strike 0-1: Foul Ball, location: 2F 0-2: Foul Ball, location: 2F 0-2: Ball 1-2: Ball 2-2: Ball 3-2: Ground out U3 (Groundball, 34, EV 82.5 MPH)
|
Bottom of the 6th over - 0 runs, 0 hits, 0 errors, 0 left on base; Jackson 6 - Midland 7 |
TOP OF THE 7TH |
Jackson Generals batting - Pitching for Midland RockHounds : LHP Bobby Dahlgren
|
Batting: LHB Jerrod Cluck
|
0-0: Ball 1-0: Ground out 4-3 (Groundball, 4M, EV 80.6 MPH)
|
Batting: RHB Brad Robidas
|
0-0: Called Strike 0-1: Ball 1-1: Called Strike 1-2: Foul Ball, location: 2F 1-2: Strikes out swinging
|
Batting: RHB Tony Vargas
|
0-0: Ball 1-0: Fly out, F8 (Flyball, 78D, EV 105.6 MPH)
|
Top of the 7th over - 0 runs, 0 hits, 0 errors, 0 left on base; Jackson 6 - Midland 7 |
BOTTOM OF THE 7TH |
Midland RockHounds batting - Pitching for Jackson Generals : RHP Aidan Martin
|
Pitching: LHP Rentaro Minami
|
|
Batting: RHB Miguel Trevino
|
0-0: Ball 1-0: Ball 2-0: Foul Ball, location: 2F 2-1: Ground out 5-3 (Groundball, 56, EV 91.2 MPH)
|
Batting: LHB Tommy King
|
0-0: SINGLE (Groundball, 5L, EV 103.8 MPH) (infield hit)
|
Batting: RHB Dusty Thompson
|
0-0: Ball 1-0: Called Strike 1-1: Ball Wild Pitch! Tommy King to second 2-1: Intentional Walk
|
Batting: SHB Todd Hewitt
|
0-0: Swinging Strike 0-1: Swinging Strike 0-2: Ball 1-2: Ball 2-2: Strikes out looking
|
Batting: LHB Zachary DeLuca
|
0-0: Ball 1-0: Called Strike 1-1: Ball 2-1: Foul Ball, location: 2F 2-2: Fielders Choice at 2nd, 5-4 (Groundball, 56, EV 80.6 MPH)
|
Bottom of the 7th over - 0 runs, 1 hit, 0 errors, 2 left on base; Jackson 6 - Midland 7 |
TOP OF THE 8TH |
Jackson Generals batting - Pitching for Midland RockHounds : LHP Bobby Dahlgren
|
Now at 3B: Jonathan Lugo
|
|
Batting: RHB Rick Ellis
|
0-0: Ball 1-0: Called Strike 1-1: Ball 2-1: Ball 3-1: Ground out 1-3 (Groundball, 15S, EV 67.5 MPH)
|
Batting: RHB Bill Vives
|
0-0: Ball 1-0: Swinging Strike 1-1: Ball 2-1: Ball 3-1: Foul Ball, location: 2F 3-2: Foul Ball, location: 2F 3-2: Strikes out looking
|
Batting: LHB Caleb Domino
|
0-0: Ball 1-0: Ground out 6-3 (Groundball, 56, EV 90.0 MPH)
|
Top of the 8th over - 0 runs, 0 hits, 0 errors, 0 left on base; Jackson 6 - Midland 7 |
BOTTOM OF THE 8TH |
Midland RockHounds batting - Pitching for Jackson Generals : LHP Rentaro Minami
|
Pitching: RHP Kurt Loscalzo
|
|
Batting: RHB Dave Glenn
|
0-0: Swinging Strike 0-1: Ball 1-1: Called Strike 1-2: Strikes out swinging
|
Batting: RHB Carlos Ballesteros
|
0-0: Ball 1-0: Ball 2-0: Ball 3-0: Base on Balls
|
Batting: RHB Dunlang Clark
|
0-0: Ball Pickoff Throw to First - Error! E1 Carlos Ballesteros to second 1-0: Hit by Pitch
|
Batting: SHB Brace Harper
|
0-0: Ball 1-0: Called Strike 1-1: Swinging Strike 1-2: Foul Ball, location: 2F 1-2: Foul Ball, location: 2F 1-2: Ball 2-2: Ball 3-2: Base on Balls Carlos Ballesteros to third Dunlang Clark to second
|
Batting: RHB Miguel Trevino
|
0-0: Called Strike 0-1: Ball 1-1: Ball 2-1: Foul Ball, location: 2F 2-2: Strikes out looking
|
Batting: LHB Tommy King
|
0-0: Called Strike 0-1: DOUBLE (Line Drive, 7LM, EV 108.1 MPH) Carlos Ballesteros scores Dunlang Clark scores Brace Harper to third Runner from 3rd tries for Home, SAFE, throw by LF to trailing runner, SAFE at third!
|
Pitching: LHP Steve Cruz
|
|
Batting: RHB Jonathan Lugo
|
0-0: Called Strike 0-1: Ball 1-1: SINGLE (Groundball, 56D, EV 98.1 MPH) Tommy King scores
|
Batting: SHB Todd Hewitt
|
0-0: Called Strike 0-1: Ball Jonathan Lugo steals 2nd base 1-1: Foul Ball, location: 2F 1-2: SINGLE (Groundball, 6D, EV 101.9 MPH) Jonathan Lugo to third Runner from 3rd tries for Home, SAFE, throw by CF to home
|
Batting: LHB Zachary DeLuca
|
0-0: Called Strike 0-1: Foul Ball, location: 2F 0-2: Ball 1-2: Ground out U3 (Groundball, 3L, EV 101.9 MPH)
|
Bottom of the 8th over - 5 runs, 3 hits, 1 error, 1 left on base; Jackson 6 - Midland 12 |
TOP OF THE 9TH |
Jackson Generals batting - Pitching for Midland RockHounds : LHP Bobby Dahlgren
|
Batting: LHB Ignacio Bernal
|
0-0: Ball 1-0: Fly out, F8 (Flyball, 8LS, EV 79.4 MPH)
|
Batting: RHB Malik Brookshire
|
0-0: Ball 1-0: Foul Ball, location: 2F 1-1: SINGLE (Line Drive, 34, EV 102.5 MPH)
|
Batting: RHB Robby Cuellar
|
0-0: Ball 1-0: Ball 2-0: Swinging Strike 2-1: SINGLE (Line Drive, 4MD, EV 110.0 MPH) Malik Brookshire to second
|
Batting: LHB Jerrod Cluck
|
0-0: Called Strike 0-1: Ball 1-1: Foul Ball, location: 2F 1-2: Foul Ball, location: 2F 1-2: Ball 2-2: Ball 3-2: SINGLE (Groundball, 6MS, EV 67.5 MPH) (infield hit) Malik Brookshire to third Robby Cuellar to second
|
Pitching: RHP Matt Constantino
|
|
Batting: RHB Brad Robidas
|
0-0: Ball 1-0: Foul Ball, location: 2F 1-1: Ground out 5-3 (Groundball, 56S, EV 71.9 MPH) Malik Brookshire scores Robby Cuellar to third Jerrod Cluck to second
|
Batting: RHB Tony Vargas
|
0-0: Ball 1-0: Ball 2-0: Called Strike 2-1: Fly out, F9 (Flyball, 89S, EV 88.8 MPH)
|
Top of the 9th over - 1 run, 3 hits, 0 errors, 2 left on base; Jackson 7 - Midland 12 |
|